 Dungeon Crawl Stone Soup version 0.31.0-12-g77e489cdc1 (webtiles) character file.

Game seed: 17613724471486315955

121 Silvore the Covered (level 4, -6/35 HPs)
             Began as a Demonspawn Fighter on Feb 12, 2024.
             Was an Initiate of Okawaru.
             Mangled by an ogre
             ... wielding a +0 giant club
              (14 damage)
             ... on level 3 of the Dungeon.
             The game lasted 00:02:08 (1893 turns).

Silvore the Covered (Demonspawn Fighter)            Turns: 1893, Time: 00:02:08

Health: -6/35      AC: 12    Str: 19    XL:     4   Next: 77%
Magic:  4/4        EV:  5    Int:  8    God:    Okawaru [......]
Gold:   143        SH:  4    Dex: 12    Spells: 3/3 levels left

rFire   . . .        a - +1 long sword
rCold   . . .        c - +0 buckler
rNeg    . . .        j - +0 plate armour
rPois   .            e - +0 helmet
rElec   .            (no cloak)
rCorr   .            (no gloves)
SInv    .            (no boots)
Will    .....        (no amulet) Stlth
                     (no ring)
HPRegen 0.25/turn    (no ring)
MPRegen 0.09/turn

%: no passive effects
@: mighty
A: spiny 2, demonic touch 1
a: Renounce Religion


You were on level 3 of the Dungeon.
You worshipped Okawaru.
Okawaru was noncommittal.
You visited 1 branch of the dungeon, and saw 3 of its levels.

You collected 143 gold pieces.

Inventory:

Hand Weapons
 a - a +1 long sword (weapon)
Armour
 b - a +0 scale mail
 c - a +0 buckler (worn)
 e - a +0 helmet (worn)
 j - a +0 plate armour (worn)
Scrolls
 f - a scroll of fear {unknown}
 n - a scroll of enchant weapon
Potions
 g - a potion of cancellation
 h - a potion of heal wounds {unknown}
 i - a potion of degeneration {unknown}
 k - a potion of enlightenment {unknown}
 l - a potion of curing {unknown}
 m - 2 potions of berserk rage


   Skills:
 + Level 3.4 Fighting
 + Level 2.8 Long Blades
 + Level 3.7 Armour
 + Level 0.4 Dodging
 + Level 3.1 Shields


You had 3 spell levels left.
You didn't know any spells.
Your spell library was empty.

Dungeon Overview and Level Annotations

Branches:
Dungeon (3/15)

Altars:
Okawaru

Shops:
D:1 (   D:3 =


Innate Abilities, Weirdness & Mutations

You are mostly covered in sharp spines.
Your touch may inflict minor irresistible damage on your foes.


Message History

Okawaru accepts your kill.
You open the door.
An endoplasm comes into view.
The endoplasm quivers.
There is an open door here.
An endoplasm is nearby!
An endoplasm is nearby!
Found 16 gold pieces.
You slash the endoplasm!
You kill the endoplasm!
Okawaru accepts your kill.
You now have 143 gold pieces (gained 16).
As you open the door, it creaks loudly!
There is an open door here.
You open the door.
There is an open door here.
As you open the door, it creaks loudly!
An ogre comes into view. It is wielding a +0 giant club.
An ogre is nearby!
An ogre is nearby!
The ogre is struck by your spines.
The ogre hits you with a +0 giant club!!
Ouch! That really hurt!
There is an open door, spattered with blood here.
You hit the ogre but do no damage.
The ogre is lightly wounded.
The ogre is struck by your spines. The ogre hits you with a +0 giant club!
* * * LOW HITPOINT WARNING * * *
You hit the ogre but do no damage.
The ogre is moderately wounded.
The ogre hits you with a +0 giant club.
* * * LOW HITPOINT WARNING * * *
You slash the ogre!
The ogre is heavily wounded.
You block the ogre's attack.
You feel very mighty all of a sudden.
You barely miss the ogre.
The ogre is heavily wounded.
The ogre hits you with a +0 giant club!
You die...

.# ##.#####. ..
........... #.
###.........# .. ....
#....#
.#######..###....#
.................† ...
#.. ............. .. #O#
##........# #.. ##@##
#....####. #..
######...# #......##.
+...+.#..'...#
##.....##.
#...#.#.##...# #.....##.
#.....##...# #.∩...+..
###.####...#######.....#
#.# #...#...†.......#
###'####...#...........#
#......#####.......#####


You could see an ogre.

Vanquished Creatures
  An orc priest (D:3)
  An orc wizard (D:3)
  An adder (D:2)
  2 dart slugs (D:1)
  4 orcs
  4 bats
  5 endoplasms
  4 giant cockroaches
  6 goblins
  5 hobgoblins
  3 quokkas
  8 ball pythons
  2 kobolds
  3 rats
49 creatures vanquished.

Notes
Turn   | Place    | Note
-------+----------+-------------------------------------------
     0 | D:1      | Silvore the Demonspawn Fighter began the quest for the Orb.
     0 | D:1      | Reached XP level 1. HP: 18/18 MP: 1/1
    98 | D:1      | Gained mutation: You are partially covered in sharp spines.
                  | [demonic ancestry]
    98 | D:1      | Reached XP level 2. HP: 22/24 MP: 2/2
   332 | D:1      | Found Wuzod's Weapon Shoppe.
   439 | D:1      | Gained mutation: You are mostly covered in sharp spines.
                  | [demonic ancestry]
   439 | D:1      | Reached XP level 3. HP: 17/29 MP: 3/3
   975 | D:2      | Found an iron altar of Okawaru.
  1051 | D:2      | Became a worshipper of Warmaster Okawaru
  1813 | D:3      | Gained mutation: Your touch may inflict minor irresistible
                  | damage on your foes. [demonic ancestry]
  1813 | D:3      | Reached XP level 4. HP: 32/35 MP: 4/4
  1846 | D:3      | Found Busuguq's Jewellery Emporium.
  1887 | D:3      | Noticed an ogre
  1893 | D:3      | Mangled by an ogre

Illustrated notes

Levels and vault maps discovered:
D:1:      dpeg_arrival_simpleton_c, layout_rooms, serial_shops, shop,
          minmay_box_of_dots
D:2:      layout_basic, basic_altar
D:3:      layout_basic, mainiacjoe_overflow_alcove_1, serial_shops, shop,
          nicolae_concentric_dashed_squares_mild

Skill      XL: |  1  2 |
---------------+-------+-----
Long Blades    | 2 |  2.8
Armour         | 3 |  3.7
Shields        | 3 |  3.1
Fighting       | |  3.4
Dodging        | |  0.4

Action                     |  1- 3 |  4- 6 || total
---------------------------+-------+-------++-------
  Melee: Long sword        |    90 |    14 ||   104
    Use: Scroll            |     5 |       ||     5
         Potion            |       |     1 ||     1
 Armour: Scale mail        |    45 |       ||    45
         Plate armour      |    16 |    12 ||    28
  Dodge: Dodged            |    37 |     2 ||    39
  Block: Buckler           |    20 |     3 ||    23
